 Dungeon Crawl Stone Soup version 0.30.0-17-ge0270778cf (webtiles) character file.

Game seed: 11887454303046977975

47027 monsoonserge the Basher (level 14, 0/124 HPs)
             Began as a Hill Orc Fighter on May 22, 2023.
             Was a High Priest of Qazlal.
             Killed from afar by a white draconian (7 damage)
             ... with a blast of cold
             ... in an ice cave.
             The game lasted 01:14:36 (14320 turns).

monsoonserge the Basher (Hill Orc Fighter)         Turns: 14320, Time: 01:14:37

Health: 0/124      AC: 21    Str: 27    XL:     14   Next: 40%
Magic:  21/21      EV: 13    Int:  8    God:    Qazlal [*****.]
Gold:   1270       SH: 14    Dex: 12    Spells: 13/13 levels left

rFire   . . .        v - +6 flail "Arcanum" {heavy, Str+3}
rCold   + . .        c - +0 buckler
rNeg    . . .        O - +0 plate armour
rPois   .            E - +2 helmet
rElec   .            (no cloak)
rCorr   .            n - +0 pair of gloves
SInv    +            Y - +0 pair of boots
Will    +....        b - amulet "Ulehenlu" {Faith +Blink Dex+2 Slay+2 SInv} Stlth
                     L - +5 ring of evasion
HPRegen 0.40/turn    V - +4 ring of slaying
MPRegen 0.17/turn

%: repel missiles, faith
@: protected from cold
A: no striking features
a: Renounce Religion, Evoke Blink, Upheaval, Elemental Force, Disaster Area


You were in an ice cave.
You worshipped Qazlal.
Qazlal was extremely pleased with you.
You visited 3 branches of the dungeon, and saw 18 of its levels.
You also visited: Ice Cave.

You collected 1270 gold pieces.

Inventory:

Hand Weapons
 k - the +8 demon trident "Killer Klown's Death" {elec, Str+5 Dex-4}
   (You found it on level 2 of the Lair of Beasts)

   Str:       It affects your strength (+5).
   Dex:       It affects your dexterity (-4).
 v - the +6 flail "Arcanum" (weapon) {heavy, Str+3}
   (You found it on level 3 of the Dungeon)

   Str:       It affects your strength (+3).
 N - a +3 war axe of freezing
Missiles
 q - 30 poisoned darts (quivered)
 u - a curare-tipped dart
 H - 7 javelins
Armour
 c - a +0 buckler (worn)
 n - a +0 pair of gloves (worn)
 E - a +2 helmet (worn)
 O - a +0 plate armour (worn)
 S - +0 acid dragon scales
 Y - a +0 pair of boots (worn)
Jewellery
 b - the amulet "Ulehenlu" (around neck) {Faith +Blink Dex+2 Slay+2 SInv}
   (You found it on level 3 of the Dungeon)

   [amulet of faith]

   It allows you to gain divine favour quickly.
   Dex:       It affects your dexterity (+2).
   Slay:      It affects your accuracy & damage with ranged weapons and melee
   (+2).
   SInv:      It lets you see invisible.
   +Blink:    It lets you blink.
 G - a ring of protection from fire
 L - a +5 ring of evasion (left hand)
 P - a +4 ring of protection
 T - a ring of positive energy
 V - a +4 ring of slaying (right hand)
Wands
 o - a wand of polymorph (4)
 A - a wand of digging (9)
 C - a wand of mindburst (15)
 R - a wand of flame (15)
 U - a wand of charming (2)
 W - a wand of roots (1)
 Z - a wand of light (5)
Scrolls
 a - 3 scrolls of fear
 e - a scroll of butterflies {unknown}
 f - 2 scrolls of fog
 i - 3 scrolls of blinking
 l - 3 scrolls of enchant armour
 m - a scroll of amnesia {unknown}
 s - a scroll of silence {unknown}
 x - 3 scrolls of magic mapping
 y - 3 scrolls of immolation
 z - 2 scrolls of enchant weapon
 B - 2 scrolls of vulnerability {unknown}
 F - 5 scrolls of teleportation
 I - 2 scrolls of noise {unknown}
 X - 3 scrolls of poison {unknown}
Potions
 d - 6 potions of might
 g - 3 potions of brilliance
 h - 3 potions of mutation
 j - 4 potions of magic
 p - 2 potions of lignification
 r - 17 potions of curing
 t - 2 potions of resistance
 w - a potion of ambrosia {unknown}
 D - 3 potions of attraction
 J - a potion of berserk rage {unknown}
 K - 3 potions of heal wounds
 Q - 2 potions of haste
Miscellaneous
 M - a piece from Xom's chessboard (15/15)


   Skills:
 + Level 11.0 Fighting
 + Level 11.6(15.3) Axes
 + Level 12.9(14.2) Maces & Flails
 - Level 4.8(7.9) Polearms
 + Level 4.4 Throwing
 + Level 11.6 Armour
 + Level 2.9 Dodging
 + Level 10.9 Shields
 + Level 10.1 Invocations
 + Level 4.7 Evocations


You had 13 spell levels left.
You didn't know any spells.
Your spell library contained the following spells:

 Spells                   Type           Power      Damage    Failure   Level
 Shock                    Conj/Air       0%         1d3       98%         1
 Sting                    Tmut/Pois      0%         1d3       98%         1
 Poisonous Vapours        Pois/Air       0%         N/A       99%         2
 Hailstorm                Conj/Ice       0%         3d3       100%        3
 Swiftness                Air            0%         N/A       100%        3
 Volatile Blastmotes      Fire/Tloc      0%         2d10      100%        3
 Airstrike                Air            0%         2d(0-16)  100%        4
 Animate Dead             Necr           0%         N/A       100%        4
 Fulminant Prism          Conj/Hex       0%         3d5       100%        4
 Ice Form                 Ice/Tmut       0%         N/A       100%        4
 Iskenderun's Mystic Bla  Conj/Tloc      0%         2d3       100%        4
 Olgreb's Toxic Radiance  Pois           0%         N/A       100%        4
 Alistair's Intoxication  Tmut/Pois      0%         N/A       100%        5
 Borgnjor's Vile Clutch   Necr/Erth      0%         N/A       100%        5
 Lee's Rapid Deconstruct  Erth           0%         3d4*      100%        5
 Death Channel            Necr           0%         N/A       100%        6
 Eringya's Noxious Bog    Tmut/Pois      0%         N/A       100%        6
 Simulacrum               Ice/Necr       0%         N/A       100%        6


Dungeon Overview and Level Annotations

Branches:
Dungeon (14/15)            Temple (1/1) D:6            Lair (3/5) D:10
 Shoals (0/4) Lair:2        Snake (0/4) Lair:2          Orc (0/2) D:9
 Vaults (0/5) D:14          IceCv (1/1)

Altars:
Ashenzari
Cheibriados
Dithmenos
Elyvilon
Fedhas
Gozag
Hepliaklqana
Kikubaaqudgha
Makhleb
Nemelex Xobeh
Okawaru
Qazlal
Ru
Sif Muna
Trog
Uskayaw
Vehumet
Wu Jian
Xom
Yredelemnul
Zin
The Shining One

Annotations:
D:7 3 runed translucent doors, 0gre's ghost, amateur GnIE
D:12 Jorgrun
Lair:2 1 runed translucent door, Irreverend's ghost, journeyman TrFi


Message History

You block the white draconian's attack.
You bludgeon the white draconian!!
The white draconian is moderately wounded.
The white draconian breathes frost at you.
The blast of cold hits you! You resist.
You feel more protected from cold.
* * * LOW HITPOINT WARNING * * *
The white draconian hits you but does no damage.
You closely miss the white draconian.
The white draconian is moderately wounded.
The white draconian breathes frost at you.
The blast of cold hits you. You resist.
You feel more protected from cold.
* * * LOW HITPOINT WARNING * * *
The white draconian breathes frost at you.
The blast of cold hits you! You resist.
You feel more protected from cold.
* * * LOW HITPOINT WARNING * * *
Press: ? - help, v - describe, . - travel
Here: a white draconian, wielding a +2 scimitar of freezing and wearing a +0 cloak (moderately wounded, fast, catching its breath)
The floor, spattered with blood.
Unknown command.
You thump the white draconian!
The white draconian is heavily wounded.
The white draconian hits you with a +2 scimitar of freezing.
* * * LOW HITPOINT WARNING * * *
Unknown command.
You bludgeon the white draconian!!
The white draconian is severely wounded.
The white draconian hits you with a +2 scimitar of freezing.
* * * LOW HITPOINT WARNING * * *
Your resistance to cold fades away.
You feel protected from physical attacks.
Your resistance to physical damage fades away.
You feel protected from cold. The white draconian freezes you.
* * * LOW HITPOINT WARNING * * *
The white draconian breathes frost at you.
The blast of cold hits you! You resist.
You die...

#####.......###
###.......###...#
........###
###.## .......##
#..# ......##
##.# ...#.##
#..## ..####
##..# ..## ##.#.#
#..## #†#@##
##..# #[d## #...#
#..## .÷.## #..##
..## #..# ..##
##. .[.# ## ...##
÷÷..##


You could see a white draconian (fast, catching breath).

Vanquished Creatures
  Rupert (D:13)
  Snorg (D:12)
  Josephine (D:13)
  Fannar (D:11)
  2 ice dragons (IceCv)
  2 ironbound frosthearts (IceCv)
  4 centaur warriors
  An ogre mage (D:14)
  5 two-headed ogres
  A death yak (Lair:2)
  Urug (D:14)
  4 skeletal warriors (D:13)
  Lodul (D:11)
  2 cyclopes (D:11)
  A manticore (D:11)
  6 ugly things
  A black mamba (Lair:2)
  5 cane toads
  3 gargoyles
  A torpor snail (Lair:2)
  An ice statue (D:14)
  2 unseen horrors (D:11)
  An efreet (D:14)
  A rime drake (Lair:1)
  6 komodo dragons
  6 polar bears (IceCv)
  6 trolls
  10 blink frogs
  A hornet (D:10)
  7 slime creatures
  A centaur simulacrum (D:14)
  2 vampires
  21 yaks
  7 wraiths
  2 wyverns (D:7)
  15 humans
  Grum (D:9)
  2 basilisks (Lair:2)
  6 vampire mosquitoes
  4 acid dragons
  3 nagas (Lair:2)
  8 water moccasins
  2 ice beasts (D:7)
  5 orc warriors
  A black bear (Lair:1)
  7 wolves
  15 ogres
  8 centaurs
  A phantom (D:3)
  4 kobold brigands
  2 gnoll sergeants (D:9)
  7 bullfrogs
  2 scorpions (D:5)
  12 wights
  14 killer bees
  2 howler monkeys
  2 electric eels (D:10)
  11 hounds
  4 jellies
  3 orc priests
  A sleepcap (D:4)
  Jessica (D:2)
  3 iguanas
  9 orc wizards
  4 adders
  9 gnolls
  A white imp (D:6)
  A worm (D:6)
  3 dart slugs
  39 orcs
  8 endoplasms
  4 giant cockroaches
  10 goblins
  4 hobgoblins
  2 jackals (D:1)
  19 kobolds
  2 quokkas
  7 ball pythons
  A frilled lizard (D:3)
  4 rats
  2 butterflies (D:9)
393 creatures vanquished.

Vanquished Creatures (others)
  A vampire (D:10)
  An orc wizard (D:4)
2 creatures vanquished.

Grand Total: 395 creatures vanquished

Notes
Turn   | Place    | Note
-------+----------+-------------------------------------------
     0 | D:1      | monsoonserge the Hill Orc Fighter began the quest for the
                  | Orb.
     0 | D:1      | Reached XP level 1. HP: 19/19 MP: 1/1
   116 | D:1      | Reached XP level 2. HP: 26/27 MP: 2/2
   512 | D:1      | Reached XP level 3. HP: 28/33 MP: 3/3
   943 | D:2      | Noticed Jessica
   948 | D:2      | Killed Jessica
  1081 | D:2      | Reached XP level 4. HP: 39/41 MP: 4/4
  1292 | D:3      | Identified the amulet "Ulehenlu" {Faith +Blink Dex+2 Slay+2
                  | SInv}
  1332 | D:3      | Noticed a phantom
  1788 | D:3      | Noticed an ogre
  1799 | D:3      | Killed an ogre
  1800 | D:3      | Reached skill level 5 in Axes
  1800 | D:3      | Reached XP level 5. HP: 47/47 MP: 5/5
  1851 | D:3      | Reached skill level 5 in Fighting
  1851 | D:3      | Reached XP level 6. HP: 45/56 MP: 6/6
  1977 | D:3      | Identified the +6 flail "Arcanum" {heavy, Str+3}
  2387 | D:4      | Reached skill level 1 in Maces & Flails
  2546 | D:4      | Reached XP level 7. HP: 61/61 MP: 7/7
  2733 | D:4      | Reached skill level 2 in Maces & Flails
  2738 | D:4      | Reached skill level 1 in Dodging
  3055 | D:5      | Entered Level 5 of the Dungeon
  3068 | D:5      | Reached skill level 3 in Maces & Flails
  3263 | D:5      | Reached skill level 5 in Armour
  3324 | D:5      | Reached skill level 4 in Maces & Flails
  3366 | D:5      | Reached skill level 1 in Throwing
  3367 | D:5      | Reached XP level 8. HP: 70/70 MP: 8/8
  3484 | D:5      | Reached skill level 5 in Maces & Flails
  3728 | D:6      | Found a staircase to the Ecumenical Temple.
  3736 | Temple   | Entered the Ecumenical Temple
  3802 | Temple   | Became a worshipper of Qazlal Stormbringer
  3814 | D:6      | Reached skill level 1 in Evocations
  4010 | D:6      | Reached skill level 6 in Maces & Flails
  4150 | D:6      | Found a snail-covered altar of Cheibriados.
  4628 | D:7      | Noticed a wyvern
  4634 | D:7      | Killed a wyvern
  4635 | D:7      | Reached XP level 9. HP: 61/78 MP: 9/9
  4888 | D:7      | Reached skill level 7 in Maces & Flails
  5090 | D:7      | Found a runed translucent gate.
  5091 | D:7      | Found a runed translucent gate.
  5092 | D:7      | Found a runed translucent gate.
  5093 | D:7      | Noticed 0gre's ghost (amateur GnIE)
  5093 | D:7      | Noticed a spectral unseen horror
  5328 | D:7      | Reached * piety under Qazlal
  5369 | D:7      | Reached skill level 5 in Shields
  5872 | D:8      | Reached skill level 8 in Maces & Flails
  6362 | D:9      | Noticed Grum
  6432 | D:9      | Killed Grum
  6433 | D:9      | Reached XP level 10. HP: 58/86 MP: 10/10
  6737 | D:9      | Found a shimmering altar of Xom.
  6752 | D:9      | Reached ** piety under Qazlal
  6923 | D:9      | Reached skill level 9 in Maces & Flails
  7025 | D:9      | Noticed a two-headed ogre
  7030 | D:9      | Killed a two-headed ogre
  7031 | D:9      | Reached skill level 1 in Invocations
  7115 | D:9      | Found an ornate altar of the Wu Jian Council.
  7185 | D:9      | Noticed a two-headed ogre
  7190 | D:9      | Killed a two-headed ogre
  7225 | D:9      | Reached skill level 10 in Maces & Flails
  7293 | D:9      | Found a broken altar of Ashenzari.
  7324 | D:9      | Found a glowing golden altar of the Shining One.
  7446 | D:9      | Found a hazy altar of Hepliaklqana.
  7529 | D:9      | Found a staircase to the Orcish Mines.
  7550 | D:9      | Reached XP level 11. HP: 60/94 MP: 13/13
  7577 | D:10     | Entered Level 10 of the Dungeon
  7763 | D:10     | Reached *** piety under Qazlal
  7794 | D:10     | Noticed a two-headed ogre
  7795 | D:10     | Found a staircase to the Lair.
  7826 | D:10     | Killed a two-headed ogre
  7827 | D:10     | Reached skill level 5 in Invocations
  8254 | D:10     | Noticed an ogre mage
  8256 | D:10     | Noticed a five-headed hydra
  8442 | Lair:1   | Entered Level 1 of the Lair of Beasts
  8467 | Lair:1   | Reached skill level 11 in Maces & Flails
  8468 | Lair:1   | Reached **** piety under Qazlal
  8874 | Lair:1   | You fall into a shaft and drop 1 floor!
  8875 | Lair:2   | Found a runed translucent door.
  8939 | Lair:2   | Reached skill level 10 in Armour
  8939 | Lair:2   | Reached XP level 12. HP: 95/104 MP: 17/17
  9167 | Lair:2   | Noticed a death yak
  9178 | Lair:2   | Killed a death yak
  9315 | Lair:2   | Identified the +8 demon trident "Killer Klown's Death"
                  | {elec, Str+5 Dex-4}
  9475 | Lair:2   | Reached skill level 1 in Polearms
  9582 | Lair:2   | Found a staircase to the Snake Pit.
 10401 | Lair:2   | Found a staircase to the Shoals.
 10811 | Lair:2   | Noticed Irreverend's ghost (journeyman TrFi)
 10833 | Lair:3   | Noticed a skyshark
 11003 | D:10     | Reached ***** piety under Qazlal
 11140 | D:10     | Found a shadowy altar of Dithmenos.
 11200 | D:11     | Noticed Lodul
 11257 | D:11     | Noticed Fannar
 11424 | D:11     | Noticed a two-headed ogre
 11433 | D:11     | Killed a two-headed ogre
 11632 | D:11     | Killed Fannar
 11633 | D:11     | Reached XP level 13. HP: 95/111 MP: 20/20
 11932 | D:11     | Killed Lodul
 12020 | D:11     | Reached skill level 10 in Invocations
 12095 | D:11     | Found a sparkling altar of Nemelex Xobeh.
 12580 | D:12     | Noticed Jorgrun
 12734 | D:12     | Noticed Snorg
 12747 | D:12     | Killed Snorg
 13073 | D:12     | Reached skill level 10 in Fighting
 13188 | D:13     | Noticed Rupert
 13205 | D:13     | Killed Rupert
 13416 | D:13     | Noticed Josephine
 13438 | D:14     | Noticed Urug
 13438 | D:14     | Found a gate to the Vaults.
 13550 | D:13     | Killed Josephine
 13551 | D:13     | Reached skill level 10 in Axes
 13551 | D:13     | Reached skill level 12 in Maces & Flails
 13930 | D:14     | Reached skill level 10 in Shields
 13947 | D:14     | Killed Urug
 13948 | D:14     | Reached XP level 14. HP: 95/122 MP: 21/21
 13952 | D:14     | Reached ****** piety under Qazlal
 14017 | D:14     | Found a frozen archway.
 14028 | IceCv    | Entered an ice cave
 14306 | IceCv    | Noticed a white draconian
 14320 | IceCv    | Killed from afar by a white draconian

Illustrated notes

Levels and vault maps discovered:
D:1:      heliophobic_arrival_dark_side_of_the_moon, layout_loops_ring,
          grunt_decor_resistance, hangedman_decor_lopped
D:2:      layout_rooms, dk_vineyard_3, amcnicky_mini_rare_corridor_liquid,
          uniq_jessica
D:3:      layout_basic, hangedman_decor_push
D:4:      layout_loops_ring
D:5:      layout_basic
D:6:      layout_basic, chei_slow_surprise, minmay_temple_entry_gardened_gates,
          serial_rivers, chequers_serial_rivers_large_a,
          chequers_serial_rivers_micro_e, chequers_serial_rivers_micro_a,
          chequers_serial_rivers_micro_a, chequers_serial_rivers_room_b
D:7:      layout_basic, gammafunk_ghost_necromancy,
          hangedman_decor_diamond_cutter, nicolae_nh_ransacked_shop
D:8:      layout_loops_ring
D:9:      layout_irregular_city, general_overflow_altar,
          nzn_hepliaklqana_mist_gate, mainiacjoe_overflow_two_lobes,
          xom_butterflies, kennysheep_orc_monster_closet_entryway, uniq_grum
D:10:     layout_irregular_city, lemuel_round_altar, erik_lair_island,
          chequers_serial_rivers_room_b, minmay_misc_feat_x,
          minmay_mirror_moons_of_madness
D:11:     layout_irregular_city, nemelex_lonely_heart_becter, uniq_fannar,
          uniq_lodul
D:12:     layout_roguey, hex_large, minmay_gold_behind_fungi, uniq_snorg,
          uniq_jorgrun
D:13:     layout_rooms, gauntlet_entry_generic, nicolae_trove_entry_columns,
          uniq_rupert, uniq_josephine
D:14:     layout_cave_pools, david_vaults_3,
          portal_ice_cave_entry_ice_statue_one, okawaru_metal_pillars_3,
          hangedman_abyss_or_decor_stagger, eat_drink_and_be_merry_uskayaw
Temple:   eino_wide_crystal_templ
Lair:1:   layout_regular_city, pond
Lair:2:   layout_regular_city, minmay_shoals_entry_centaurs,
          guppyfry_snake_entry_garden, ebering_ghost_reflecting_pool
Lair:3:   nzn_winding_woodlands_stair_trap [nzn_winding_woodlands_5x15_pockets,
          nzn_winding_woodlands_5x15_garden, nzn_winding_woodlands_5x15_default,
          nzn_winding_woodlands_15x15_boxy_spiral,
          nzn_winding_woodlands_5x15_eye, nzn_winding_woodlands_5x15_sidewinder,
          nzn_winding_woodlands_5x15_lazy_stream], layout_loops_ring,
          wad_woods_river_04, st_stairs_13, kennysheep_catoblepas_arena,
          uniq_kirke
IceCv:    ice_cave_small_giant

Skill      XL: |  1  2  3  4  5  6  7  8  9 10 11 12 13 14 |
---------------+-------------------------------------------+-----
Fighting       | 4 5 6 7 8 9 10 11 | 11.0
Axes           | 3 5 6 7 10 11 | 11.6
Armour         | 4 5 6 8 9 10 11 | 11.6
Maces & Flails | 1 4 6 8 10 11 12 | 12.9
Dodging        | 1 2 |  2.9
Shields        | 4 5 6 7 8 10 | 10.9
Throwing       | 1 2 3 4 |  4.4
Evocations     | 1 2 4 |  4.7
Invocations    | 3 7 9 10 | 10.1
Polearms       | 4 |  4.8

Action                     |  1- 3 |  4- 6 |  7- 9 | 10-12 | 13-15 || total
---------------------------+-------+-------+-------+-------+-------++-------
  Melee: War axe           |    71 |    59 |       |    48 |   164 ||   342
         Flail             |       |    38 |   167 |   273 |    99 ||   577
         Trident           |       |       |       |     7 |       ||     7
         Demon trident     |       |       |       |    80 |     3 ||    83
  Throw: Dart              |       |     3 |       |    11 |     8 ||    22
         Boomerang         |       |     5 |     6 |    51 |     4 ||    66
         Javelin           |       |       |       |       |     2 ||     2
 Invoke: Upheaval          |       |       |       |     2 |     1 ||     3
         Disaster Area     |       |       |       |       |     1 ||     1
Ability: Evoke Blink       |       |       |       |     1 |     1 ||     2
  Evoke: Piece from Xom's  |       |       |       |     7 |     6 ||    13
         Wand              |       |       |       |     2 |     7 ||     9
    Use: Scroll            |       |       |       |    14 |     3 ||    17
         Potion            |       |       |       |       |     1 ||     1
 Armour: Scale mail        |    26 |       |       |       |       ||    26
         Chain mail        |       |    59 |    96 |    10 |       ||   165
         Plate armour      |       |       |       |   131 |    77 ||   208
  Dodge: Dodged            |    29 |    50 |    65 |   206 |   115 ||   465
         Repelled          |       |       |       |     2 |     5 ||     7
  Block: Buckler           |    14 |    18 |    46 |   211 |   138 ||   427
